Map: Acid Plant LE

Players

TIME (Oliveira)

  • Race: Terran Terran
  • Spawn Location: 11:00

Maru - Winner!

  • Race: Terran Terran
  • Spawn Location: 5:00

Event: WESG 2017 Haikou

VOD

Have the link to the VOD?

Description

Time

  • Played on: March 14, 2018, 12:12 a.m.
  • Length: 8:01

All games in this series

Show
View Real Time Build Order
Export as new Build Order

TIME Terran 

Build Orders:  

Get SALT Encoding   

  12  0:00  SCV  
  13  0:13  SCV  
  14  0:19  Supply Depot  
  14  0:25  SCV  
  15  0:42  Barracks  
  16  0:44  Refinery  
  15  0:58  Barracks  
  15  1:01  SCV  
  16  1:13  SCV  
  17  1:30  Orbital Command, Reaper  
  18  1:36  Supply Depot  
  18  1:46  Reaper  
  19  1:55  SCV  
  20  2:04  Reaper  
  20  2:08  SCV  
  22  2:25  SCV  
  22  2:31  Command Center  
  22  2:38  SCV  
  22  2:41  Factory  
  23  2:48  Refinery, Bunker  
  23  2:53  SCV  
  24  3:05  SCV  
  25  3:17  SCV  
  26  3:25  Cyclone  
  29  3:29  SCV  
  30  3:34  Starport  
  31  3:41  SCV  
  31  3:43  Orbital Command  
  31  3:53  SCV  
  32  3:59  Marine x2  
  34  4:03  Factory Tech Lab  
  34  4:05  SCV  
  34  4:09  SCV, Supply Depot  
  36  4:17  SCV, Marine x2  
  36  4:22  SCV  
  40  4:24  Raven  
  40  4:29  SCV  
  42  4:33  Cyclone  
  42  4:35  Marine x2  
  42  4:36  SCV  
  48  4:44  SCV  
  49  4:48  SCV  
  48  4:54  Barracks Tech Lab, Barracks Reactor  
  48  4:55  Engineering Bay  
  48  4:56  SCV  
  46  5:00  SCV  
  45  5:08  SCV  
  45  5:11  Viking  
  45  5:12  SCV  
  47  5:20  SCV  
  45  5:24  SCV, Marine  
  45  5:25  Stimpack  
  47  5:30  Missile Turret  
  47  5:32  SCV, Marine  
  47  5:33  Marine  
  47  5:35  Factory Reactor  
  50  5:37  SCV  
  50  5:42  Marine  
  52  5:44  SCV, Supply Depot  
  52  5:49  SCV  
  54  5:53  Terran Infantry Weapons Level 1  
  54  5:54  Marine  
  54  5:55  Refinery  
  54  5:57  Marine  
  54  6:06  SCV x2, Marine  
  54  6:07  Supply Depot  
  54  6:11  Supply Depot  
  57  6:12  Marine  
  57  6:14  Marine  
  57  6:18  SCV  
  60  6:23  SCV, Marine  
  61  6:28  Medivac x2  
  61  6:29  Marine  
  61  6:30  SCV  
  61  6:32  Marine  
  64  6:48  Marine  
  64  6:50  Marine  
  65  6:54  Siege Tank  
  65  6:57  SCV x2, Marine  
  65  6:58  Refinery, Supply Depot  
  65  7:00  Command Center  
  71  7:06  Marine  
  71  7:07  Barracks  
  72  7:09  SCV, Barracks x2  
  72  7:11  Marine  
  72  7:12  SCV  
  74  7:15  Marine  
  74  7:18  Medivac  
  72  7:37  Supply Depot  
  72  7:38  Supply Depot  
Show
View Real Time Build Order
Export as new Build Order

Maru Terran - Winner!

Build Orders: 1/1/1, MMM Bio, Banshee Rush 

Get SALT Encoding   

  12  0:00  SCV  
  13  0:13  SCV  
  14  0:17  Supply Depot  
  14  0:25  SCV  
  15  0:29  Refinery  
  15  0:39  SCV  
  16  0:44  Barracks  
  16  0:51  SCV  
  16  0:55  Refinery  
  17  1:03  SCV  
  18  1:15  SCV  
  19  1:31  Orbital Command  
  19  1:32  Reaper  
  20  1:37  Factory  
  20  1:49  Supply Depot  
  20  1:57  SCV  
  21  2:04  Reaper  
  22  2:10  SCV  
  23  2:21  Hellion  
  24  2:24  Starport  
  24  2:25  SCV  
  25  2:32  Supply Depot  
  25  2:40  SCV  
  26  2:47  Barracks Tech Lab  
  29  2:55  SCV  
  29  3:07  SCV  
  29  3:12  Cloaking Field, Banshee  
  30  3:16  Barracks Reactor, Factory Tech Lab  
  30  3:19  SCV  
  31  3:33  Command Center  
  31  3:36  SCV  
  32  3:41  Supply Depot  
  32  3:48  SCV  
  32  3:55  Banshee  
  36  4:00  SCV  
  37  4:05  Stimpack  
  37  4:07  Barracks  
  37  4:13  SCV  
  38  4:18  Barracks  
  38  4:20  Factory Reactor  
  38  4:23  Marine  
  39  4:26  SCV  
  40  4:38  SCV  
  41  4:41  Engineering Bay  
  41  4:47  Starport Reactor  
  41  4:50  SCV, Marine  
  41  4:52  SCV  
  44  4:59  Marine x2  
  46  5:02  SCV  
  47  5:08  Marine  
  47  5:10  Siege Tank  
  47  5:13  Orbital Command  
  47  5:14  Terran Infantry Weapons Level 1  
  51  5:19  Marine x3  
  51  5:20  Marine  
  55  5:25  Supply Depot  
  55  5:26  Medivac  
  57  5:33  Medivac  
  59  5:39  Marine x3  
  59  5:40  Supply Depot  
  62  5:46  Marine x2  
  62  5:47  Siege Tank  
  62  5:49  SCV  
  68  5:50  SCV  
  66  6:01  SCV, Supply Depot  
  66  6:02  SCV  
  68  6:07  Marine x2  
  68  6:08  Combat Shields  
  68  6:11  Marine x2  
  71  6:12  Marine  
  71  6:13  SCV  
  71  6:16  SCV  
  75  6:21  Refinery  
  75  6:23  Siege Tank  
  75  6:25  SCV, Marine  
  80  6:33  Marine x4  
  84  6:40  Medivac  
  84  6:44  Marine, Supply Depot  
  84  6:50  Marine  
  84  6:51  Marine x3  
  84  6:53  SCV  
  84  6:54  SCV  
  77  6:58  Medivac  
  79  7:02  Refinery, Marine  
  79  7:05  SCV  
  81  7:08  Marine x2  
  81  7:09  Marine x2  
  81  7:10  SCV  
  86  7:18  Medivac  
  86  7:20  SCV, Marine  
  90  7:23  SCV  
  90  7:26  Marine x3  
  90  7:27  Marine  
  95  7:36  Supply Depot  
  95  7:38  Marine  
  95  7:41  Command Center  
  96  7:45  SCV  
  96  7:50  Supply Depot  
Tags
 
Composition
MMM Bio
Matchup
TvT
Opening
1/1/1
Race
Terran
Spawn Locations
Cross Positions
Strategy
Banshee Rush
Add a new tag
Caveats
  • Supply blocks, unpowered buildings, or Contaminate may cause inaccurate times.
  • Supply counts are checked every 10 seconds.